Workbook

Sheet PLANILHA
B2: PLANILHA DE COMPOSIÇÃO DE CUSTOS
B3: Obra: | C3: Construção de Gavetas Funerárias e Muro Frontal ( Etapa 01) | K3: BDI | N3: 0.2247 | O3: 1.2247
B4: Local: | C4: Nova ala do Cemitério Municipal | K4: Fontes de Preços | M4: SINAPI 02/2026
B5: Obs.: | C5: BDI (CONFORME ACÓRDÃO Nº 2622/13 e LEI Nº 13.161 DE 31/08/15) | M5: SICOR 01/2026
K6: Obs.: | L6: Fontes de preço sem desoneração
B8: 1 | C8: SERVIÇOS PRELIMINARES
B9: ITEM | C9: CÓDIGO | D9: DESCRIÇÃO DO ITEM | J9: QUANTIDADE | K9: UNIDADE | L9: VALOR UNIT. S/ BDI | M9: VALOR UNIT. C/BDI | N9: VALOR TOTAL
B10: 1.1 | C10: ED-16660 | D10: FORNECIMENTO E COLOCAÇÃO DE PLACA DE OBRA EM CHAPA GALVANIZADA #26, ESP. 0,45 MM, PLOTADA COM ADESIVO VINÍLICO, AFIXADA COM REBITES 4,8X40 MM, EM ESTRUTURA METÁLICA DE METALON 20X20 MM, ESP. 1,25 MM, INCLUSIVE SUPORTE EM EUCALIPTO AUTOCLAVADO PINTADO COM TINTA PVA DUAS (2) DEMÃOS | J10: 4.5 | K10: M² | L10: 268.16 | M10: =ROUND((L10*$O$3),2) -> 328.42 | N10: =ROUND(J10*M10,2) -> 1477.89
B11: 1.2 | C11: ED-50135 | D11: BARRACÃO DE OBRA, EM CHAPA DE COMPENSADO RESINADO, INCLUSIVE INSTALAÇÕES SANITÁRIAS E MOBILIÁRIO - PADRÃO DER-MG | J11: =('MEMORIA CALCULO'!H11) -> 8 | K11: M² | L11: 710.2 | M11: =ROUND(L11*$O$3,2) -> 869.78 | N11: =ROUND(J11*M11,2) -> 6958.24
B12: 1.3 | C12: ED-17989 | D12: LOCAÇÃO DE OBRA COM GABARITO DE TÁBUAS CORRIDAS PONTALETADAS A CADA 2,00M, REAPROVEITAMENTO (2X), INCLUSIVE ACOMPANHAMENTO DE EQUIPE TOPOGRÁFICA PARA MARCAÇÃO DE PONTO TOPOGRÁFICO | J12: =('MEMORIA CALCULO'!H29) -> 138.75 | K12: M | L12: 34.8 | M12: =ROUND(L12*$O$3,2) -> 42.62 | N12: =ROUND(J12*M12,2) -> 5913.53
J13: VALOR TOTAL DO ITEM | N13: =SUM(N10:N12) -> 14349.66
B14: 2 | C14: INFRAESTRUTURA
B15: 2.1 | C15: ED-51108 | D15: ESCAVAÇÃO MANUAL DE VALA COM PROFUNDIDADE MAIOR QUE 1,5M E MENOR OU IGUAL 3,0M | J15: =('MEMORIA CALCULO'!H43) -> 10.40635 | K15: M³ | L15: 2.61 | M15: =ROUND(L15*$O$3,2) -> 3.2 | N15: =ROUND(J15*M15,2) -> 33.3
B16: 2.2 | C16: ED-49810 | D16: FORMA E DESFORMA DE TÁBUA E SARRAFO, REAPROVEITAMENTO (3X) (FUNDAÇÃO) | J16: =('MEMORIA CALCULO'!H52) -> 46.89 | K16: M² | L16: 83.88 | M16: =ROUND(L16*$O$3,2) -> 102.73 | N16: =ROUND(J16*M16,2) -> 4817.01
B17: 2.3 | C17: ED-49813 | D17: LASTRO DE BRITA COM PEDRA BRITADA NÚMERO 2 E 3, INCLUSIVE ADENSAMENTO E APILOAMENTO MANUAL | J17: =('MEMORIA CALCULO'!H61) -> 1.911 | K17: M³ | L17: 215.25 | M17: =ROUND(L17*$O$3,2) -> 263.62 | N17: =ROUND(J17*M17,2) -> 503.78
B18: 2.4 | C18: ED-49805 | D18: FORNECIMENTO DE CONCRETO ESTRUTURAL, USINADO BOMBEADO, COM FCK 25 MPA, INCLUSIVE LANÇAMENTO, ADENSAMENTO E ACABAMENTO (FUNDAÇÃO) | J18: =('MEMORIA CALCULO'!H72) -> 6.9576 | K18: M³ | L18: 684.09 | M18: =ROUND(L18*$O$3,2) -> 837.81 | N18: =ROUND(J18*M18,2) -> 5829.15
B19: 2.5 | C19: ED-48297 | D19: CORTE, DOBRA E MONTAGEM DE AÇO CA-60 DIÂMETRO (4,2MM A 5,0MM) | J19: =('MEMORIA CALCULO'!H78) -> 53.83728 | K19: KG | L19: 14.6 | M19: =ROUND(L19*$O$3,2) -> 17.88 | N19: =ROUND(J19*M19,2) -> 962.61
B20: 2.6 | C20: ED-48295 | D20: CORTE, DOBRA E MONTAGEM DE AÇO CA-50 DIÂMETRO (6,3MM A 12,5MM) | J20: =('MEMORIA CALCULO'!H91) -> 182.5304 | K20: KG | L20: 13.84 | M20: =ROUND(L20*$O$3,2) -> 16.95 | N20: =ROUND(J20*M20,2) -> 3093.89
B21: 2.7 | C21: ED-50174 | D21: PINTURA COM EMULSÃO ASFÁLTICA, DUAS (2) DEMÃOS | J21: =('MEMORIA CALCULO'!H101) -> 51.09 | K21: M² | L21: 20.33 | M21: =ROUND(L21*$O$3,2) -> 24.9 | N21: =ROUND(J21*M21,2) -> 1272.14
B22: 2.8 | C22: 42408 | D22: LONA PLASTICA EXTRA FORTE PRETA, E = 200 MICRA | J22: =('MEMORIA CALCULO'!H106) -> 82.8 | K22: M² | L22: 2.74 | M22: =ROUND(L22*$O$3,2) -> 3.36 | N22: =ROUND(J22*M22,2) -> 278.21
B23: 2.9 | C23: ED-51120 | D23: REATERRO MANUAL DE VALA, INCLUSIVE ESPALHAMENTO E COMPACTAÇÃO MANUAL COM SOQUETE | J23: =('MEMORIA CALCULO'!H111) -> 1.53775 | K23: M³ | L23: 84.9 | M23: =ROUND(L23*$O$3,2) -> 103.98 | N23: =ROUND(J23*M23,2) -> 159.9
J24: VALOR TOTAL DO ITEM | N24: =SUM(N15:N23) -> 16949.99
B26: 3 | C26: SUPERESTRUTURA
B27: ITEM | C27: CÓDIGO | D27: DESCRIÇÃO DO ITEM | J27: QUANTIDADE | K27: UNIDADE | L27: VALOR UNIT. S/ BDI | M27: VALOR UNIT. C/BDI | N27: VALOR TOTAL
B28: 3.1 | C28: 103760 | D28: MONTAGEM E DESMONTAGEM DE FÔRMA DE LAJE MACIÇA, PÉ-DIREITO SIMPLES, EM CHAPA DE MADEIRA COMPENSADA RESINADA E CIMBRAMENTO DE MADEIRA, 2 UTILIZAÇÕES. AF_03/2022 | J28: =('MEMORIA CALCULO'!H120) -> 62.1 | K28: M² | L28: 138.6 | M28: =ROUND(L28*$O$3,2) -> 169.74 | N28: =ROUND(J28*M28,2) -> 10540.85
B29: 3.2 | C29: ED-49810 | D29: FORMA E DESFORMA DE TÁBUA E SARRAFO, REAPROVEITAMENTO | J29: =('MEMORIA CALCULO'!H134) -> 25.23 | K29: M² | L29: 83.88 | M29: =ROUND(L29*$O$3,2) -> 102.73 | N29: =ROUND(J29*M29,2) -> 2591.88
B30: 3.3 | C30: ED-49805 | D30: FORNECIMENTO DE CONCRETO ESTRUTURAL, USINADO BOMBEADO, COM FCK 25 MPA, INCLUSIVE LANÇAMENTO, ADENSAMENTO E ACABAMENTO (FUNDAÇÃO) | J30: =('MEMORIA CALCULO'!H147) -> 0.55 | K30: M³ | L30: 684.09 | M30: =ROUND(L30*$O$3,2) -> 837.81 | N30: =ROUND(J30*M30,2) -> 460.8
B31: 3.4 | C31: ED-48297 | D31: CORTE, DOBRA E MONTAGEM DE AÇO CA-60 DIÂMETRO (4,2MM A 5,0MM) | J31: =('MEMORIA CALCULO'!H175) -> 63.907947 | K31: KG | L31: 14.6 | M31: =ROUND(L31*$O$3,2) -> 17.88 | N31: =ROUND(J31*M31,2) -> 1142.67
B32: 3.5 | C32: ED-48295 | D32: CORTE, DOBRA E MONTAGEM DE AÇO CA-50 DIÂMETRO (6,3MM A 12,5MM) | J32: =('MEMORIA CALCULO'!H187) -> 201.1776 | K32: KG | L32: 13.84 | M32: =ROUND(L32*$O$3,2) -> 16.95 | N32: =ROUND(J32*M32,2) -> 3409.96
B33: 3.6 | C33: ED-29582 | D33: ARMADURA DE TELA DE AÇO CA-60, SOLDADA TIPO Q-138, DIÂMETRO Ø4,2MM, TRAMA COM DIMENSÃO (100X100)MM, INCLUSIVE ESPAÇADOR, EXCLUSIVE CONCRETO | J33: =('MEMORIA CALCULO'!H192) -> 82.8 | K33: M² | L33: 30.36 | M33: =ROUND(L33*$O$3,2) -> 37.18 | N33: =ROUND(J33*M33,2) -> 3078.5
B34: 3.7 | C34: ED-50844 | D34: CINTA DE CONCRETO ARMADO (10 x 10 CM) 20 MPa, INCLUSIVE FORMA E AÇO, | J34: =('MEMORIA CALCULO'!H200) -> 1.224 | K34: M³ | L34: 2331.27 | M34: =ROUND(L34*$O$3,2) -> 2855.11 | N34: =ROUND(J34*M34,2) -> 3494.65
J36: VALOR TOTAL DO ITEM | N36: =SUM(N28:N35) -> 24719.31
B38: 4 | C38: ALVENARIAS
B39: ITEM | C39: CÓDIGO | D39: DESCRIÇÃO DO ITEM | J39: QUANTIDADE | K39: UNIDADE | L39: VALOR UNIT. S/ BDI | M39: VALOR UNIT. C/BDI | N39: VALOR TOTAL
B40: 4.1 | C40: ED-48228 | D40: ALVENARIA DE VEDAÇÃO COM TIJOLO MACIÇO REQUEIMADO, ESP. 20CM, PARA REVESTIMENTO, INCLUSIVE ARGAMASSA PARA ASSENTAMENTO | J40: =('MEMORIA CALCULO'!H210) -> 32.25 | K40: M² | L40: 268.48 | M40: =ROUND(L40*$O$3,2) -> 328.81 | N40: =ROUND(J40*M40,2) -> 10604.12
B41: 4.2 | C41: ED-48227 | D41: ALVENARIA DE VEDAÇÃO COM TIJOLO MACIÇO REQUEIMADO, ESP. 10CM, PARA REVESTIMENTO, INCLUSIVE ARGAMASSA PARA ASSENTAMENTO | J41: =('MEMORIA CALCULO'!H214) -> 37.5 | K41: M² | L41: 151.85 | M41: =ROUND(L41*$O$3,2) -> 185.97 | N41: =ROUND(J41*M41,2) -> 6973.88
B42: 4.3 | C42: ED-48196 | D42: ALVENARIA DE VEDAÇÃO COM BLOCO DE CONCRETO, ESP. 19CM, PARA REVESTIMENTO, INCLUSIVE ARGAMASSA PARA ASSENTAMENTO | J42: =('MEMORIA CALCULO'!H218) -> 71.91 | K42: M² | L42: 94.64 | M42: =ROUND(L42*$O$3,2) -> 115.91 | N42: =ROUND(J42*M42,2) -> 8335.09
B43: 4.4 | C43: ED-48214 | D43: ALVENARIA DE BLOCO DE CONCRETO CHEIO COM ARMAÇÃO, EM CONCRETO COM FCK 15MPA , ESP. 19CM, PARA REVESTIMENTO, INCLUSIVE ARGAMASSA PARA ASSENTAMENTO (DETALHE D -CADERNO SEDS) | J43: =('MEMORIA CALCULO'!H223) -> 7.99 | K43: M² | L43: 287.31 | M43: =ROUND(L43*$O$3,2) -> 351.87 | N43: =ROUND(J43*M43,2) -> 2811.44
J45: VALOR TOTAL DO ITEM | N45: =SUM(N40:N44) -> 28724.53
B47: 5 | C47: REVESTIMENTOS
B48: ITEM | C48: CÓDIGO | D48: DESCRIÇÃO DO ITEM | J48: QUANTIDADE | K48: UNIDADE | L48: VALOR UNIT. S/ BDI | M48: VALOR UNIT. C/BDI | N48: VALOR TOTAL
B49: 5.1 | C49: ED-50730 | D49: CHAPISCO COM ARGAMASSA, TRAÇO 1:2:3 (CIMENTO, AREIA E PEDRISCO), APLICADO COM COLHER, ESP. 5MM, PREPARO MECÂNICO | J49: =('MEMORIA CALCULO'!H237) -> 281.975 | K49: M² | L49: 16.74 | M49: =ROUND(L49*$O$3,2) -> 20.5 | N49: =ROUND(J49*M49,2) -> 5780.49
B50: 5.2 | C50: ED-50761 | D50: REBOCO COM ARGAMASSA, TRAÇO 1:2:8 (CIMENTO, CAL E AREIA), ESP. 20MM, APLICAÇÃO MANUAL, PREPARO MECÂNICO | J50: =('MEMORIA CALCULO'!H240) -> 281.975 | K50: M² | L50: 42.21 | M50: =ROUND(L50*$O$3,2) -> 51.69 | N50: =ROUND(J50*M50,2) -> 14575.29
J52: VALOR TOTAL DO ITEM | N52: =SUM(N49:N51) -> 20355.78
B54: 6 | C54: PISOS
B55: ITEM | C55: CÓDIGO | D55: DESCRIÇÃO DO ITEM | J55: QUANTIDADE | K55: UNIDADE | L55: VALOR UNIT. S/ BDI | M55: VALOR UNIT. C/BDI | N55: VALOR TOTAL
B56: 6.1 | C56: 94995 | D56: EXECUÇÃO DE PASSEIO (CALÇADA) OU PISO DE CONCRETO COM CONCRETO MOLDADO IN LOCO, USINADO, ACABAMENTO CONVENCIONAL, ESPESSURA 8 CM, ARMADO. AF_08/2022 | J56: =('MEMORIA CALCULO'!H249) -> 131.16 | K56: M² | L56: 96.58 | M56: =ROUND(L56*$O$3,2) -> 118.28 | N56: =ROUND(J56*M56,2) -> 15513.6
B57: 6.2 | C57: ED-29582 | D57: ARMADURA DE TELA DE AÇO CA-60, SOLDADA TIPO Q-138, DIÂMETRO Ø4,2MM, TRAMA COM DIMENSÃO (100X100)MM, INCLUSIVE ESPAÇADOR, EXCLUSIVE CONCRETO | J57: =('MEMORIA CALCULO'!H255) -> 131.16 | K57: M² | L57: 30.36 | M57: =ROUND(L57*$O$3,2) -> 37.18 | N57: =ROUND(J57*M57,2) -> 4876.53
B58: 6.3 | C58: ED - 8145 | D58: JUNTA DE DILATAÇÃO COM ISOPOR 20 MM, EXCLUSIVE SELANTE | J58: =('MEMORIA CALCULO'!H260) -> 131.16 | K58: M² | L58: 11.36 | M58: =ROUND(L58*$O$3,2) -> 13.91 | N58: =ROUND(J58*M58,2) -> 1824.44
B59: 6.4 | C59: ED-50579 | D59: APLICAÇÃO DE SELANTE, MASTIQUE ELÁSTICO, EM JUNTA DE DILAÇÃO, DIMENSÃO 20X10 MM, FATOR DE FORMA 1:2, EXCLUSIVE DELIMITADOR DE PROFUNDIDADE | J59: =('MEMORIA CALCULO'!H264) -> 132.86 | K59: M | L59: 38.21 | M59: =ROUND(L59*$O$3,2) -> 46.8 | N59: =ROUND(J59*M59,2) -> 6217.85
B60: 6.5 | C60: ED-31576 | D60: FÔRMA E DESFORMA PARA VIGA DE MADEIRA COM TÁBUA E SARRAFO, REAPROVEITAMENTO (5X), EXCLUSIVE ESCORAMENTO | J60: =('MEMORIA CALCULO'!H277) -> 6.76 | K60: M² | L60: 70.88 | M60: =ROUND(L60*$O$3,2) -> 86.81 | N60: =ROUND(J60*M60,2) -> 586.84
J62: VALOR TOTAL DO ITEM | N62: =SUM(N56:N61) -> 29019.26
B64: 7 | C64: PINTURAS
B65: ITEM | C65: CÓDIGO | D65: DESCRIÇÃO DO ITEM | J65: QUANTIDADE | K65: UNIDADE | L65: VALOR UNIT. S/ BDI | M65: VALOR UNIT. C/BDI | N65: VALOR TOTAL
B66: 7.1 | C66: ED-50505 | D66: LIXAMENTO MANUAL EM PAREDE PARA REMOÇÃO DE TINTA | J66: =('MEMORIA CALCULO'!H284) -> 281.975 | K66: M² | L66: 3.69 | M66: =ROUND(L66*$O$3,2) -> 4.52 | N66: =ROUND(J66*M66,2) -> 1274.53
B67: 7.2 | C67: ED-50514 | D67: PREPARAÇÃO PARA EMASSAMENTO OU PINTURA (LÁTEX/ ACRÍLICA) EM PAREDE, INCLUSIVE UMA (1) DEMÃO DE SELADOR ACRÍLICO | J67: =('MEMORIA CALCULO'!H288) -> 281.975 | K67: M² | L67: 8.21 | M67: =ROUND(L67*$O$3,2) -> 10.05 | N67: =ROUND(J67*M67,2) -> 2833.85
B68: 7.3 | C68: ED-50451 | D68: PINTURA ACRÍLICA EM PAREDE, DUAS (2) DEMÃOS, EXCLUSIVE SELADOR ACRÍLICO E MASSA ACRÍLICA/CORRIDA (PVA) | J68: =('MEMORIA CALCULO'!H292) -> 281.975 | K68: M² | L68: 17.59 | M68: =ROUND(L68*$O$3,2) -> 21.54 | N68: =ROUND(J68*M68,2) -> 6073.74
J70: VALOR TOTAL DO ITEM | N70: =SUM(N66:N69) -> 10182.12
B72: 8 | C72: SERVIÇOS FINAIS
B73: ITEM | C73: CÓDIGO | D73: DESCRIÇÃO DO ITEM | J73: QUANTIDADE | K73: UNIDADE | L73: VALOR UNIT. S/ BDI | M73: VALOR UNIT. C/BDI | N73: VALOR TOTAL
B74: 8.1 | C74: ED-50266 | D74: LIMPEZA FINAL PARA ENTREGA DA OBRA | J74: =('MEMORIA CALCULO'!H301) -> 151.86 | K74: M² | L74: 9.01 | M74: =ROUND(L74*$O$3,2) -> 11.03 | N74: =ROUND(J74*M74,2) -> 1675.02
B75: 8.2 | C75: ED-50933 | D75: ASSENTAMENTO DE GRADIL OU PORTÃO METÁLICO DE AÇO OU FERRO, EXCLUSIVE FORNECIMENTO | J75: =('MEMORIA CALCULO'!H308) -> 4.6 | K75: M2 | L75: 157.95 | M75: =ROUND(L75*$O$3,2) -> 193.44 | N75: =ROUND(J75*M75,2) -> 889.82
J76: VALOR TOTAL DO ITEM | N76: =SUM(N74:N75) -> 2564.84
J79: VALOR TOTAL DA OBRA | N79: =(N13+N24+N36+N45+N52+N62+N70+N76) -> 146865.49
B82: Senador Amaral, 15/04/2026
C86: Arq. Edione Sílvia Ferreira | J86: Daniel Franco da Silveira
C87: CAU A 19.326-7 | J87: Prefeito Municipal

Sheet MEMORIA CALCULO
A3: 1 | B3: =(PLANILHA!C8) -> SERVIÇOS PRELIMINARES
A5: 1.1 | B5: =(PLANILHA!D10) -> FORNECIMENTO E COLOCAÇÃO DE PLACA DE OBRA EM CHAPA GALVANIZADA #26, ESP. 0,45 MM, PLOTADA COM ADESIVO VINÍLICO, AFIXADA COM REBITES 4,8X40 MM, EM ESTRUTURA METÁLICA DE METALON 20X20 MM, ESP. 1,25 MM, INCLUSIVE SUPORTE EM EUCALIPTO AUTOCLAVADO PINTADO COM TINTA PVA DUAS (2) DEMÃOS
E7: QUAND. | F7: 3 | G7: 1.5 | H7: =(F7*G7) -> 4.5 | I7: M2
A9: 1.2 | B9: =(PLANILHA!D11) -> BARRACÃO DE OBRA, EM CHAPA DE COMPENSADO RESINADO, INCLUSIVE INSTALAÇÕES SANITÁRIAS E MOBILIÁRIO - PADRÃO DER-MG
F10: COMP. | G10: LARG | H10: TOTAL | I10: UNID
F11: 4 | G11: 2 | H11: =(F11*G11) -> 8 | I11: M²
A13: 1.3 | B13: =(PLANILHA!D12) -> LOCAÇÃO DE OBRA COM GABARITO DE TÁBUAS CORRIDAS PONTALETADAS A CADA 2,00M, REAPROVEITAMENTO (2X), INCLUSIVE ACOMPANHAMENTO DE EQUIPE TOPOGRÁFICA PARA MARCAÇÃO DE PONTO TOPOGRÁFICO
F14: QUANT. | G14: COMP. | H14: TOTAL | I14: UNID
A15: MÓDULO 01 | F15: 2 | G15: 6.9 | H15: =(F15*G15) -> 13.8 | I15: M
F16: 7 | G16: 3 | H16: =(F16*G16) -> 21 | I16: M
A17: CORREDORES E MURO FRONTAL | F17: 1 | G17: 39.95 | H17: =(F17*G17) -> 39.95 | I17: M
F18: 1 | G18: 21.2 | H18: =(F18*G18) -> 21.2 | I18: M
F19: 1 | G19: 3.3 | H19: =(F19*G19) -> 3.3 | I19: M
F20: 1 | G20: 1.1 | H20: =(F20*G20) -> 1.1 | I20: M
F21: 1 | G21: 8.2 | H21: =(F21*G21) -> 8.2 | I21: M
F22: 1 | G22: 2.9 | H22: =(F22*G22) -> 2.9 | I22: M
F23: 1 | G23: 7.9 | H23: =(F23*G23) -> 7.9 | I23: M
F24: 1 | G24: 19.4 | H24: =(F24*G24) -> 19.4 | I24: M
I25: M
I26: M
A29: TOTAL | H29: =SUM(H15:H28) -> 138.75 | I29: M
A31: 2 | B31: =(PLANILHA!C14) -> INFRAESTRUTURA
A33: 2.1 | B33: =(PLANILHA!D15) -> ESCAVAÇÃO MANUAL DE VALA COM PROFUNDIDADE MAIOR QUE 1,5M E MENOR OU IGUAL 3,0M
D35: QUANT. | E35: COMP. | F35: LARG. | G35: ALT. | H35: TOTAL | I35: UNID
A36: BALDRAME MÓDULO 01 | D36: 2 | E36: 6.9 | F36: 0.3 | G36: 0.35 | H36: =(D36*E36*F36*G36) -> 1.449 | I36: M3
D37: 7 | E37: 3 | F37: 0.3 | G37: 0.35 | H37: =(D37*E37*F37*G37) -> 2.205 | I37: M3
A38: BALDRAME MURO | D38: 1 | E38: 39.95 | F38: 0.3 | G38: 0.35 | H38: =(D38*E38*F38*G38) -> 4.19475 | I38: M3
A39: BLOCOS MÓDULO 01 | D39: 6 | E39: 0.5 | F39: 0.5 | G39: 0.35 | H39: =(D39*E39*F39*G39) -> 0.525 | I39: M3
A40: BLOCOS MURO | D40: 20 | E40: 0.5 | F40: 0.5 | G40: 0.35 | H40: =(D40*E40*F40*G40) -> 1.75 | I40: M3
A41: ESTACAS GAVETA | C41: D=0,20 | D41: 6 | F41: 0.0314 | G41: 1.5 | H41: =(D41*F41*G41) -> 0.2826 | I41: M3
A42: ESTACAS MURO | C42: D=0,20 | D42: 20 | F42: 0.03 | G42: 1.5 | H42: =(D42*F42*G42) -> 0.9 | I42: M3
A43: TOTAL | H43: =SUM(H36:H41) -> 10.40635 | I43: M3
A45: 2.2 | B45: =(PLANILHA!D16) -> FORMA E DESFORMA DE TÁBUA E SARRAFO, REAPROVEITAMENTO (3X) (FUNDAÇÃO)
D46: QUANT. | E46: COMP. | G46: ALT. | H46: TOTAL | I46: UNID
A47: BALDRAME MÓDULO 01 | D47: 2 | E47: 6.9 | G47: 0.3 | H47: =(D47*E47*G47) -> 4.14 | I47: M2
D48: 7 | E48: 3 | G48: 0.3 | H48: =(D48*E48*G48) -> 6.3 | I48: M2
A49: BALDRAME MURO | D49: 2 | E49: 39.95 | G49: 0.3 | H49: =(D49*E49*G49) -> 23.97 | I49: M2
A50: BLOCOS MÓDULO 01 | D50: 24 | E50: 0.4 | G50: 0.3 | H50: =(D50*E50*G50) -> 2.88 | I50: M2
A51: BLOCOS MURO | D51: 80 | E51: 0.4 | G51: 0.3 | H51: =(D51*E51*G51) -> 9.6 | I51: M2
A52: TOTAL | H52: =SUM(H47:H51) -> 46.89 | I52: M2
A54: 2.3 | B54: =(PLANILHA!D17) -> LASTRO DE BRITA COM PEDRA BRITADA NÚMERO 2 E 3, INCLUSIVE ADENSAMENTO E APILOAMENTO MANUAL
D55: QUANT. | E55: COMP. | F55: LARG. | G55: ALT. | H55: TOTAL | I55: UNID
A56: BALDRAME MÓDULO 01 | D56: 2 | E56: 6.9 | F56: 0.2 | G56: 0.1 | H56: =(D56*E56*F56*G56) -> 0.276 | I56: M3
D57: 7 | E57: 3 | F57: 0.2 | G57: 0.1 | H57: =(D57*E57*F57*G57) -> 0.42 | I57: M3
A58: BALDRAME MURO | D58: 1 | E58: 39.95 | F58: 0.2 | G58: 0.1 | H58: =(D58*E58*F58*G58) -> 0.799 | I58: M3
A59: BLOCOS MÓDULO 01 | D59: 6 | E59: 0.4 | F59: 0.4 | G59: 0.1 | H59: =(D59*E59*F59*G59) -> 0.096 | I59: M3
A60: BLOCOS MURO | D60: 20 | E60: 0.4 | F60: 0.4 | G60: 0.1 | H60: =(D60*E60*F60*G60) -> 0.32 | I60: M3
A61: TOTAL | H61: =SUM(H56:H60) -> 1.911 | I61: M3
A63: 2.4 | B63: =(PLANILHA!D18) -> FORNECIMENTO DE CONCRETO ESTRUTURAL, USINADO BOMBEADO, COM FCK 25 MPA, INCLUSIVE LANÇAMENTO, ADENSAMENTO E ACABAMENTO (FUNDAÇÃO)
D64: QUANT. | E64: COMP. | F64: LARG. | G64: ALT. | H64: TOTAL | I64: UNID
A65: BALDRAME MÓDULO 01 | D65: 2 | E65: 6.9 | F65: 0.2 | G65: 0.3 | H65: =(D65*E65*F65*G65) -> 0.828 | I65: M3
D66: 7 | E66: 3 | F66: 0.2 | G66: 0.3 | H66: =(D66*E66*F66*G66) -> 1.26 | I66: M3
A67: BALDRAME MURO | D67: 1 | E67: 39.95 | F67: 0.2 | G67: 0.3 | H67: =(D67*E67*F67*G67) -> 2.397 | I67: M3
A68: BLOCOS MÓDULO 01 | D68: 6 | E68: 0.4 | F68: 0.4 | G68: 0.3 | H68: =(D68*E68*F68*G68) -> 0.288 | I68: M3
A69: BLOCOS MURO | D69: 20 | E69: 0.4 | F69: 0.4 | G69: 0.3 | H69: =(D69*E69*F69*G69) -> 0.96 | I69: M3
A70: ESTACAS MÓDULO 01 | D70: 6 | F70: 0.0314 | G70: 1.5 | H70: =(D70*F70*G70) -> 0.2826 | I70: M3
A71: ESTACAS MURO | C71: D=0,20 | D71: 20 | F71: 0.0314 | G71: 1.5 | H71: =(D71*F71*G71) -> 0.942 | I71: M3
A72: TOTAL | H72: =SUM(H65:H71) -> 6.9576 | I72: M3
A74: 2.5 | B74: =(PLANILHA!D19) -> CORTE, DOBRA E MONTAGEM DE AÇO CA-60 DIÂMETRO (4,2MM A 5,0MM)
E75: QUANT. | F75: COMP. | G75: PESO | H75: TOTAL | I75: UNID
A76: ESTRIBO BALDRAMES FERRO 3/16" | D76: 4.2 | E76: 232 | F76: 0.98 | G76: 0.109 | H76: =(E76*F76*G76) -> 24.78224 | I76: KG
A77: ESTRIBO BALDRAMES FERRO 3/16" | E77: 272 | F77: 0.98 | G77: 0.109 | H77: =(E77*F77*G77) -> 29.05504 | I77: KG
A78: TOTAL | H78: =SUM(H76:H77) -> 53.83728 | I78: KG
A80: 2.6 | B80: =(PLANILHA!D20) -> CORTE, DOBRA E MONTAGEM DE AÇO CA-50 DIÂMETRO (6,3MM A 12,5MM)
D81: QUANT. VB | E81: QUANT. | F81: COMP. | G81: PESO | H81: TOTAL | I81: UNID
A82: ESTACAS FERRO 1/4" | C82: GAVETAS | E82: 12 | F82: 1 | G82: 0.245 | H82: =(E82*F82*G82) -> 2.94 | I82: KG
A83: ESTACAS FERRO 1/4" | C83: MURO | E83: 40 | F83: 1 | G83: 0.245 | H83: =(E83*F83*G83) -> 9.8 | I83: KG
A84: BALDRAMES GAV. | C84: 3/8" | D84: 2 | E84: 5 | F84: 7 | G84: 0.624 | H84: =(D84*E84*F84*G84) -> 43.68 | I84: KG
D85: 7 | E85: 5 | F85: 3.1 | G85: 0.624 | H85: =(D85*E85*F85*G85) -> 67.704 | I85: KG
A86: BALDRAMES MURO | C86: 3/8" | D86: 1 | E86: 5 | F86: 10.2 | G86: 0.624 | H86: =(E86*F86*G86) -> 31.824 | I86: KG
D87: 3 | E87: 5 | F87: 7.8 | G87: 0.624 | H87: =(E87*F87*G87) -> 24.336 | I87: KG
D88: 1 | E88: 5 | F88: 7.6 | G88: 0.624
A89: BLOCOS | C89: 3/8" | D89: 26 | E89: 6 | F89: 0.6 | G89: 0.624 | H89: =(E89*F89*G89) -> 2.2464 | I89: KG
A91: TOTAL | H91: =SUM(H82:H89) -> 182.5304 | I91: KG
A93: 2.7 | B93: =(PLANILHA!D21) -> PINTURA COM EMULSÃO ASFÁLTICA, DUAS (2) DEMÃOS
D94: LADOS | E94: QUANT. | F94: COMP. | G94: ALT | H94: TOTAL | I94: UNID | J94: =('MEMORIA CALCULO'!H284) -> 281.975
A95: BALDRAME GAVETA | E95: 2 | F95: 6.9 | G95: 0.6 | H95: =(E95*F95*G95) -> 8.28 | I95: M2
E96: 7 | F96: 3 | G96: 0.6 | H96: =(E96*F96*G96) -> 12.6 | I96: M2
A97: BALDRAME MURO | E97: 1 | F97: 39.95 | G97: 0.6 | H97: =(E97*F97*G97) -> 23.97 | I97: M2
A98: BLOCOS GAVETAS E MURO | E98: 26 | F98: 0.4 | G98: 0.4 | H98: =(E98*F98*G98) -> 4.16 | I98: M2
D99: 4 | E99: 26 | F99: 0.4 | G99: 0.2 | H99: =(E99*F99*G99) -> 2.08 | I99: M2
A101: TOTAL | H101: =SUM(H95:H100) -> 51.09 | I101: M2
A103: 2.8 | B103: =(PLANILHA!D22) -> LONA PLASTICA EXTRA FORTE PRETA, E = 200 MICRA
E104: QUANT. | F104: COMP. | G104: LARG | H104: TOTAL | I104: UNID
A105: MOD. 01 | E105: 4 | F105: 6.9 | G105: 3 | H105: =(E105*F105*G105) -> 82.8 | I105: M2
A106: TOTAL | H106: =SUM(H105) -> 82.8 | I106: M2
A108: 2.9 | B108: =(PLANILHA!D23) -> REATERRO MANUAL DE VALA, INCLUSIVE ESPALHAMENTO E COMPACTAÇÃO MANUAL COM SOQUETE
E109: ESC. | F109: BRITA | G109: CONC. | H109: TOTAL | I109: UNID
D110: REAT. | E110: =(H43) -> 10.40635 | F110: =(H61) -> 1.911 | G110: =(H72) -> 6.9576 | H110: =(E110-F110-G110) -> 1.53775 | I110: M3
A111: TOTAL | H111: =SUM(H110) -> 1.53775 | I111: M3
A113: 3 | B113: =(PLANILHA!C26) -> SUPERESTRUTURA
A115: 3.1 | B115: =(PLANILHA!D28) -> MONTAGEM E DESMONTAGEM DE FÔRMA DE LAJE MACIÇA, PÉ-DIREITO SIMPLES, EM CHAPA DE MADEIRA COMPENSADA RESINADA E CIMBRAMENTO DE MADEIRA, 2 UTILIZAÇÕES. AF_03/2022
E116: QUANT. | F116: COMP. | G116: LARG | H116: TOTAL | I116: UNID
A117: LAJE MACIÇA | E117: 3 | F117: 6.9 | G117: 3 | H117: =(E117*F117*G117) -> 62.1 | I117: M2
A118: MOD. 01
A120: TOTAL | H120: =SUM(H117) -> 62.1 | I120: M2
A121: 3.2 | B121: =(PLANILHA!D29) -> FORMA E DESFORMA DE TÁBUA E SARRAFO, REAPROVEITAMENTO
A123: LATERAIS LAJE | D123: ANDAR | E123: QUANT. | F123: COMP. | G123: LARG | H123: TOTAL | I123: UNID
D124: 3 | E124: 2 | F124: 6.9 | G124: 0.1 | H124: =(E124*F124*G124) -> 1.38 | I124: M2
D125: 3 | E125: 2 | F125: 3 | G125: 0.1 | H125: =(E125*F125*G125) -> 0.6 | I125: M2
...

Sheet CRONOGRAMA
A1: PREFEITURA MUNICIPAL DE SENADOR AMARAL Estado de Minas Gerais CNPJ 41.778.556/0001-90 Telefax: (35)3437-1137 E-mail: www.senadoramaral.mg.gov.br
A4: CRONOGRAMA FÍSICO-FINANCEIRO
A6: OBRA | B6: =(PLANILHA!C3) -> Construção de Gavetas Funerárias e Muro Frontal ( Etapa 01) | E6: END.: R. TONICO DA CUNHA, CENTRO, SENADOR AMARAL - MG | J6: DATA | K6: 46127
A7: LOCAL | B7: =(PLANILHA!C4) -> Nova ala do Cemitério Municipal | E7: PRAZO DA OBRA: 5 MESES | H7: V. TOTAL = | J7: =(D27) -> 146865.49
A8: ITEM | B8: CÓDIGO | C8: ETAPAS/DESCRIÇÃO | D8: VALOR (R$) | E8: % ITEM | F8: 1 | G8: 2 | H8: 3 | I8: 4 | J8: 5 | K8: 6 | L8: 7
A10: 1 | C10: SERVIÇOS PRELIMINARES | E10: =(D11/D27) -> 0.097706139 | F10: 1
D11: =(PLANILHA!N13) -> 14349.66 | F11: =(F10*D11) -> 14349.66
A12: 2 | C12: FUNDAÇÕES | E12: =(D13/D27) -> 0.11541166 | F12: 1
D13: =(PLANILHA!N24) -> 16949.99 | F13: =(F12*D13) -> 16949.99
A14: 3 | C14: SUPERESTRUTURA | E14: =(D15/D27) -> 0.16831258 | G14: 0.3 | H14: 0.3 | I14: 0.4
D15: =(PLANILHA!N36) -> 24719.31 | G15: =(G14*D15) -> 7415.793 | H15: =(H14*D15) -> 7415.793 | I15: =(I14*D15) -> 9887.724
A16: 4 | C16: =(PLANILHA!C38) -> ALVENARIAS | E16: =(D17/D27) -> 0.19558393 | G16: 0.3 | H16: 0.3 | I16: 0.4
D17: =(PLANILHA!N45) -> 28724.53 | G17: =(G16*D17) -> 8617.359 | H17: =(H16*D17) -> 8617.359 | I17: =(I16*D17) -> 11489.812
A18: 5 | C18: =(PLANILHA!C47) -> REVESTIMENTOS | E18: =(D19/D27) -> 0.13860152 | G18: 0.3 | H18: 0.3 | I18: 0.4
D19: =(PLANILHA!N52) -> 20355.78 | G19: =(G18*D19) -> 6106.734 | H19: =(H18*D19) -> 6106.734 | I19: =(I18*D19) -> 8142.312
A20: 6 | C20: =(PLANILHA!C54) -> PISOS | E20: =(D21/D27) -> 0.19759073 | H20: 0.5 | I20: 0.5
D21: =(PLANILHA!N62) -> 29019.26 | H21: =(H20*D21) -> 14509.63 | I21: =(I20*D21) -> 14509.63
A22: 7 | C22: =(PLANILHA!C64) -> PINTURAS | E22: =(D23/D27) -> 0.069329561 | I22: 1
D23: =(PLANILHA!N70) -> 10182.12 | I23: =(I22*D23) -> 10182.12
A24: 8 | C24: =(PLANILHA!C72) -> SERVIÇOS FINAIS | E24: =(D25/D27) -> 0.017463871 | I24: 1
D25: =(PLANILHA!N76) -> 2564.84 | I25: =(I24*D25) -> 2564.84
E26: =(E10+E12+E14+E16+E18+E20+E22+E24) -> 1 | F26: =(F27/D27) -> 0.2131178 | G26: =(G27/D27) -> 0.15074941 | H26: =(H27/D27) -> 0.24954478 | I26: =(I27/D27) -> 0.38658801 | M26: =(F26+G26+H26+I26) -> 1
A27: TOTAL GERAL | D27: =(D11+D13+D15+D17+D19+D21+D23+D25) -> 146865.49 | F27: =(F11+F13+F15+F17+F19+F21+F23+F25) -> 31299.65 | G27: =(G11+G13+G15+G17+G19+G21+G23+G25) -> 22139.886 | H27: =(H11+H13+H15+H17+H19+H21+H23+H25) -> 36649.516 | I27: =(I11+I13+I15+I17+I19+I21+I23+I25) -> 56776.438 | M27: =(F27+G27+H27+I27) -> 146865.49
C33: EDIONE SÍLVIA FERREIRA | G33: DANIEL FRANCO DA SILVEIRA
C34: CAU A 19.326-7 | G34: PREFEITO MUNICIPAL

Sheet BDI
B1: PREFEITURA MUNICIPAL DE SENADOR AMARAL
B2: AV. JOSÉ ALVES DE REZENDE, 34, LOT. ELISA BUENO
B3: CNPJ: 41.778.556/0001-90
A4: COMPOSIÇÃO DE BDI (ACORDÃO TCU Nº2223/2013 - CONSTRUÇÃO DE EDIFICIOS | H4: LIMITES
A5: RT. ORÇ.: EDIONE SILVIA FERREIRA- CAU A19.326-7 | H5: SEM DESONERAÇÃO
A6: ITENS COMPONENTES DO BDI | H6: 1º Quartil | I6: 1º Quartil | J6: 1º Quartil
A7: Despesas Indiretas e Lucro | G7: % | H7: % | I7: % | J7: %
A8: 1 | D8: Garantia + Seguro | G8: 0.8 | H8: 0.8 | I8: 0.8 | J8: 1
A9: 2 | D9: Risco | G9: 0.97 | H9: 0.97 | I9: 1.27 | J9: 1.27
A10: 3 | D10: Administração Central | G10: 3 | H10: 3 | I10: 4 | J10: 5.5
A11: Subtotal I = 1+((1+2+3)/100) | G11: =1+((G8+G9+G10)/100) -> 1.0477
A12: 4 | D12: Despesas Financeiras | G12: 0.59 | H12: 0.59 | I12: 1.23 | J12: 1.39
A13: Subtotal II = 1+(4/100) | G13: =1+(G12/100) -> 1.0059
A14: 5 | D14: Lucro | G14: 6.16 | H14: 6.16 | I14: 7.4 | J14: 8.96
A15: Subtotal III = 1+(5/100) | G15: =1+(G14/100) -> 1.0616
A16: Tributos Federais
A17: 6 | D17: Cofins | G17: 3 | H17: 3 | I17: 3 | J17: 3
A18: 7 | D18: Pis/Pasep | G18: 0.65 | H18: 0.65 | I18: 0.65 | J18: 0.65
A19: 8 | D19: IRPJ | H19: Não Incidente
A20: 9 | D20: CSLL | H20: Não Incidente
A21: Tributo Municipal
A22: 10 | D22: ISS | G22: 5 | H22: Conforme Legislação Municipal
A23: Subtotal IV = (6+7+8+9+10)100 | G23: =(G17+G18+G19+G20+G22)/100 -> 0.0865
A24: TOTAL DO BDI SEM A ALIQUOTA DO INSS | G24: =(((G11*G13*G15)/(1-G23))-1)*100 -> 22.474059 | H24: 20.34 | I24: 22.12 | J24: 25
B27: BDI FÓRMULA = | E27: (1+AC+R+G+S)(1+DF)(1+L) -1
E28: (1-I)
A29: ONDE
A30: G+S | B30: Garantia + Seguro
A31: R | B31: Risco
A32: AC | B32: Administração Central
A33: DF | B33: Despesas Financeiras
A34: L | B34: Lucro
A35: I | B35: Impostos
F36: SENADOR AMARAL, 15/04/2026
F41: ARQ. EDIONE SÍLVIA FERREIRA
F42: CAU A19.326-7
